AoeStats
← AiM | CyclopsTron

Arena

507194836Analyzed
4v4 RM · 14d ago on Sep 17, 2026· 39m 48s· 8 players
Game mode
Random Map
Map size
Large (8 player)
Population
200
Speed
Normal
Resources
Standard
Victory
Conquest
Starting age
Dark Age
Ending age
Imperial Age
RankedLock teamsTeams togetherTeam positionsShared explorationLock speedFull tech treeHidden civsTurbo modeCheats
Victory
Defeat
🇹🇼 Japanese · Taiwan
1630
+15
🇨🇳 Portuguese · China
1609
+16
🇷🇴 Berbers · Romania
1599
+16
🇻🇪 Teutons · Venezuela
1557
+18
🇲🇽 Koreans · Mexico
1755
-21
🇲🇽 Persians · Mexico
1674
-19
🇲🇽 Spanish · Mexico
1547
-14
🇲🇽 Vikings · Mexico
1463
-11
Kirtap
11:06 Feudal Age
12:19 Double-Bit Axe
14:52 Castle Age
13:23 Horse Collar
16:35 Fervor
19:05 Loom
20:04 Town Watch
22:01 Wheelbarrow
25:37 Hand Cart
29:46 Imperial Age
27:47 Fletching
28:18 Bodkin Arrow
28:24 Padded Archer Armor
30:30 Kasbah
30:32 Bracer
30:47 Leather Archer Armor
30:38 Thumb Ring
31:22 Ballistics
32:05 Maghrebi Camels
32:51 Elite Camel Archer
34:35 Ring Archer Armor
34:48 Conscription
34:34 Maghrebi Camels
35:02 Bloodlines
34:52 Husbandry
36:36 Chemistry
37:29 Hoardings
39:51 Siege Engineers
Wuyen
10:41 Feudal Age
14:29 Castle Age
12:17 Horse Collar
12:33 Double-Bit Axe
16:02 Bow Saw
17:27 Heavy Plow
21:39 Wheelbarrow
24:07 Gold Mining
24:36 Hand Cart
24:51 Pikeman
25:38 Loom
28:27 Imperial Age
26:43 Squires
27:44 Scale Mail Armor
27:55 Forging
27:57 Stone Mining
28:47 Chain Mail Armor
29:44 Iron Casting
29:01 Halberdier
30:13 Plate Mail Armor
30:46 Two-Man Saw
30:26 Gold Shaft Mining
30:15 Treadmill Crane
32:12 Blast Furnace
31:20 Siege Engineers
32:53 Chemistry
32:23 Guard Tower
32:30 Murder Holes
32:46 Masonry
32:45 Yasama
32:12 Capped Ram
32:48 Fletching
33:44 Bodkin Arrow
34:12 Ballistics
34:30 Keep
33:41 Arrowslits
36:02 Town Watch
36:53 Bracer
37:24 Conscription
37:51 Padded Archer Armor
39:18 Bloodlines
39:09 Husbandry
39:36 Parthian Tactics
38:31 Heavy Cavalry Archer
39:18 Thumb Ring
AndresCast
9:16 Feudal Age
9:17 Loom
11:01 Double-Bit Axe
15:24 Fletching
18:35 Wheelbarrow
22:43 Castle Age
20:48 Horse Collar
24:30 Scale Mail Armor
27:14 Heavy Plow
29:17 Bow Saw
36:23 Imperial Age
35:40 Bloodlines
36:26 Scale Barding Armor
36:28 Cavalier
37:29 Chain Barding Armor
38:21 Forging
39:16 Plate Barding Armor
39:58 Chemistry
洛莉
10:30 Feudal Age
11:52 Double-Bit Axe
14:27 Castle Age
12:11 Horse Collar
15:24 Heavy Plow
15:34 Bow Saw
22:12 Loom
22:20 Gold Mining
24:29 Wheelbarrow
28:34 Imperial Age
26:32 Scale Mail Armor
26:42 Forging
26:45 Pikeman
27:11 Arson
27:58 Chain Mail Armor
29:28 Iron Casting
28:54 Padded Archer Armor
29:03 Circumnavigation
28:45 Halberdier
30:39 Chemistry
32:09 Plate Mail Armor
31:55 Leather Archer Armor
32:26 Hand Cart
33:14 Blast Furnace
32:52 Arquebus
34:33 Ring Archer Armor
34:27 Ballistics
34:29 Conscription
37:13 Siege Engineers
37:21 Masonry
40:23 Coinage
MZTK | Evil Xandro
10:41 Feudal Age
14:47 Castle Age
13:18 Double-Bit Axe
13:14 Horse Collar
14:22 Town Watch
16:07 Wheelbarrow
16:30 Bow Saw
17:49 Fletching
18:01 Padded Archer Armor
18:43 Bodkin Arrow
18:40 Elite Skirmisher
21:28 Padded Archer Armor
24:35 Hand Cart
24:06 Loom
24:38 Pikeman
29:23 Imperial Age
30:07 Bracer
31:08 Chemistry
30:20 Capped Ram
30:48 Man-at-Arms
31:29 Squires
30:49 Halberdier
31:14 Arson
31:15 Gambesons
31:31 Scale Mail Armor
31:42 Forging
36:45 Two-Man Saw
35:22 Long Swordsman
Sad Clown
11:40 Feudal Age
15:16 Castle Age
13:17 Double-Bit Axe
14:14 Horse Collar
14:31 Gold Mining
21:36 Bow Saw
21:55 Town Watch
24:23 Heavy Plow
28:54 Imperial Age
26:29 Scale Mail Armor
26:39 Forging
27:30 Chain Mail Armor
27:41 Chieftains
27:48 Stone Mining
28:33 Gold Shaft Mining
28:41 Iron Casting
28:12 Squires
27:57 Arson
29:02 Loom
30:05 Conscription
30:16 Plate Mail Armor
29:11 Capped Ram
31:21 Gold Shaft Mining
30:44 Fletching
31:55 Blast Furnace
32:14 Hoardings
31:06 Elite Skirmisher
31:54 Bodkin Arrow
32:21 Ballistics
32:12 Padded Archer Armor
33:11 Murder Holes
34:16 Chemistry
33:21 Siege Engineers
33:26 Treadmill Crane
34:43 Crop Rotation
34:32 Bracer
35:15 Leather Archer Armor
35:40 Masonry
37:24 Ring Archer Armor
AiM | CyclopsTron
6:15 Loom
8:39 Feudal Age
12:11 Double-Bit Axe
18:47 Castle Age
17:29 Gold Mining
17:28 Horse Collar
20:05 Bow Saw
20:12 Squires
25:27 Wheelbarrow
24:38 Town Watch
25:30 Scale Mail Armor
27:03 Squires
30:34 Heavy Plow
33:28 Imperial Age
31:23 Fortified Wall
32:05 Fletching
31:36 Crossbowman
32:41 Ballistics
33:38 Bodkin Arrow
35:22 Chemistry
34:57 Bracer
36:51 Siege Engineers
37:48 Thumb Ring
LeBotut
4:45 Loom
11:27 Feudal Age
15:08 Castle Age
13:52 Double-Bit Axe
14:32 Fletching
25:32 Horse Collar
31:11 Bow Saw
33:49 Imperial Age
32:50 Wheelbarrow
32:24 Heavy Plow
32:37 Gold Mining
33:49 Bodkin Arrow
33:56 Padded Archer Armor
35:08 Chemistry
35:12 Two-Man Saw
35:19 Crop Rotation
35:07 Leather Archer Armor
36:47 Ring Archer Armor
36:21 Scale Mail Armor
37:40 Hand Cart
37:12 Pikeman
38:29 Scale Mail Armor
38:21 Halberdier
39:54 Chain Mail Armor
40:07 Squires
Connection lost

Rejoining the realm…

Still unreachable

The connection could not be restored.

Session expired

The server has moved on; the page needs a fresh start.